 Dungeon Crawl Stone Soup version 0.31-a0-810-ga77100ea1a (webtiles) character file.

Game seed: 588845540795279086

4546 scionoferis the Carver (level 10, -11/93 HPs)
             Began as a Hill Orc Monk on Sept 21, 2023.
             Was a Priest of Beogh.
             Mangled by a two-headed ogre
             ... wielding a +0 giant club
              (24 damage)
             ... on level 9 of the Dungeon.
             The game lasted 00:32:30 (10259 turns).

scionoferis the Carver (Hill Orc Monk)             Turns: 10259, Time: 00:32:32

Health: -11/93     AC: 13    Str: 15    XL:     10   Next: 40%
Magic:  19/19      EV: 12    Int: 12    God:    Beogh [***...]
Gold:   420        SH:  4    Dex: 15    Spells: 9/9 levels left

rFire   . . .        a - +0 scimitar (flame)
rCold   . . .        O - +0 buckler
rNeg    . . .        z - +2 ring mail {rPois}
rPois   +            C - +0 helmet
rElec   .            x - +0 cloak
rCorr   .            (no gloves)
SInv    +            K - +2 pair of boots
Will    .....        (no amulet)
Stlth   ++           p - ring of magical power
HPRegen 0.35/turn    s - ring of see invisible
MPRegen 0.16/turn

%: no passive effects
@: no status effects
A: no striking features
a: Renounce Religion, Smiting


You were on level 9 of the Dungeon.
You worshipped Beogh.
Beogh was most pleased with you.
You visited 1 branch of the dungeon, and saw 9 of its levels.

You collected 552 gold pieces.
You spent 132 gold pieces at shops.


   Skills:
 - Level 10.0 Fighting
 * Level 10.7 Long Blades
 + Level 4.8 Armour
 + Level 4.4 Dodging
 - Level 5.0 Stealth
 + Level 1.6 Shields


You had 9 spell levels left.
You didn't know any spells.
Your spell library contained the following spells:

 Spells                   Type           Power      Damage    Failure   Level
 Scorch                   Fire           0%         2d5       77%         2
 Ozocubu's Armour         Ice            0%         N/A       94%         3
 Flame Wave               Conj/Fire      0%         2d4       100%        4
 Alistair's Intoxication  Tmut/Pois      0%         N/A       100%        5
 Borgnjor's Vile Clutch   Necr/Erth      0%         N/A       100%        5
 Metabolic Englaciation   Hex/Ice        0%         N/A       100%        5
 Eringya's Noxious Bog    Tmut/Pois      0%         4d6       100%        6
 Simulacrum               Ice/Necr       0%         N/A       100%        6
 Summon Cactus Giant      Summ           0%         N/A       100%        6

Inventory:

Hand Weapons
 a - a +0 scimitar of flaming (weapon)
   (You took it off Erica on level 8 of the Dungeon)
 d - a +2 dagger of venom
   (You took it off an orc wizard on level 6 of the Dungeon)
 I - a +0 dagger of holy wrath
   (You found it on level 4 of the Dungeon)
Missiles
 b - a curare-tipped dart
 r - 14 boomerangs
 G - 4 atropa-tipped darts
 H - 4 poisoned darts (quivered)
Armour
 t - an orb of light
 x - a +0 cloak (worn)
   (You found it on level 5 of the Dungeon)
 z - a +2 ring mail of poison resistance (worn)
   (You took it off an orc on level 5 of the Dungeon)
 C - a +0 helmet (worn)
   (You found it on level 5 of the Dungeon)
 K - a +2 pair of boots (worn)
   (You found it on level 6 of the Dungeon)
 N - a +0 robe of positive energy
   (You took it off Erica on level 8 of the Dungeon)
 O - a +0 buckler (worn)
   (You found it on level 8 of the Dungeon)
Magical Staves
 q - a staff of air
   (You found it on level 3 of the Dungeon)
Jewellery
 p - a ring of magical power (left hand)
   (You found it on level 3 of the Dungeon)
 s - a ring of see invisible (right hand)
   (You found it on level 4 of the Dungeon)
Wands
 v - a wand of acid (1)
   (You found it on level 4 of the Dungeon)
 y - a wand of iceblast (10)
   (You found it on level 5 of the Dungeon)
 M - a wand of paralysis (6)
   (You found it on level 9 of the Dungeon)
 P - a wand of mindburst (5)
   (You found it on level 9 of the Dungeon)
Scrolls
 e - 3 scrolls of teleportation {unknown}
 g - 3 scrolls of enchant weapon {unknown}
 h - 3 scrolls of vulnerability {unknown}
 j - 3 scrolls of amnesia
 l - a scroll of enchant armour {unknown}
 m - a scroll of revelation {unknown}
 n - 5 scrolls of identify {unknown}
 o - a scroll of blinking {unknown}
 u - 3 scrolls of noise {unknown}
 w - a scroll of immolation {unknown}
 Q - a scroll of fear {unknown}
Potions
 c - 5 potions of ambrosia
 f - a potion of haste {unknown}
 i - a potion of lignification {unknown}
 k - a potion of berserk rage
 A - 2 potions of cancellation {unknown}
 B - 2 potions of heal wounds {unknown}
 D - 4 potions of curing {unknown}
 E - 2 potions of might {unknown}
 F - a potion of degeneration {unknown}
 J - a potion of mutation {unknown}
 L - a potion of invisibility {unknown}

Dungeon Overview and Level Annotations

Branches:
Dungeon (9/15)             Temple (0/1) D:4            Lair (0/5) D:8
    Orc: D:9-12

Altars:
Ashenzari
Elyvilon
Fedhas
Okawaru
Xom

Shops:
D:8 (   D:9 *

Annotations:
D:5 1 transporter, ytrimaz's ghost, novice OpSh
D:7 Dowan; Duvessa
D:9 exclusions: acid dragon and 2 two-headed ogres

#.......# ..... #.# # #.#####.#
..... #.### # #.# ###.###...(..
#...# # #.# #.......##(# ###.#
# #.# #.#.######.# #.#
#.###.#.# ##'## #.# #.......#
##...## #.# #####.### ##..O..##
####.##### ####..#
##...@...###........#
#.....####.........##.#...##>##
#........'.........'...........
#.......##.........##.....##.##
#....##.###.......###.##.###.#
#.......# ##.....## #.#### #.#
####.#### ##...## #.######.#
#.# ##'## #........# #.# #.#
#.########


You could see a two-headed ogre.


Message History

Aim: a gnoll, wielding a +0 flail of distortion (lightly wounded, poisoned, 64% to hit)
You throw a poisoned dart. The poisoned dart hits the gnoll.
The gnoll is lightly wounded.
Throw: 4 darts (atropa)
Press: ? - help, Q - select action, (/) - cycle Shift-Dir - straight line, f/p - gnoll
Aim: a gnoll, wielding a +0 flail of distortion (moderately wounded, poisoned, 64% to hit, chance to blind on hit: 100%)
You throw an atropa-tipped dart.
The atropa-tipped dart barely misses the gnoll.
Throw: 3 darts (atropa)
Press: ? - help, Q - select action, (/) - cycle Shift-Dir - straight line, f/p - gnoll
Aim: a gnoll, wielding a +0 flail of distortion (lightly wounded, poisoned, 64% to hit, chance to blind on hit: 100%)
You throw an atropa-tipped dart.
The atropa-tipped dart barely misses the gnoll.
The gnoll closely misses you.
You hit the gnoll.
The gnoll is heavily wounded.
The gnoll hits you with a +0 flail of distortion.
Space warps around you.
You slash the gnoll!
You kill the gnoll!
Beogh accepts your kill.
A gnoll comes into view. It is wielding a +0 spear.
The gnoll attacks as it pursues you! The gnoll barely misses you.
The gnoll hits you but does no damage.
You hit the gnoll but do no damage. The gnoll hits you but does no damage.
You slash the gnoll!
The gnoll is heavily wounded.
The gnoll hits you but does no damage.
You slash the gnoll!
You kill the gnoll!
Beogh accepts your kill.
You see here a +0 spear.
You see here a +0 flail of distortion.
H - 3 poisoned darts (gained 1)
G - 4 atropa-tipped darts (gained 2)
H - 5 poisoned darts (gained 2)
A gnoll is nearby!
There are no items here.
There is an open door here.
An orc comes into view. It is wielding a +0 club.
There is an open door here.
Throw: 5 darts (poison)
Press: ? - help, Q - select action, (/) - cycle Shift-Dir - straight line, f - gnoll
Aim: a gnoll, wielding a +0 halberd (wandering, hasn't noticed you, 64% to hit)
You throw a poisoned dart. The poisoned dart hits the gnoll.
The gnoll is poisoned.
The gnoll shouts!
You hear a shout!
The gnoll looks more healthy.
The gnoll barely misses you. The gnoll hits you but does no damage.
You barely miss the gnoll.
The gnoll is heavily wounded.
The orc closely misses you. The gnoll barely misses you.
You hit the orc.
The orc is heavily wounded.
The orc closely misses you.
You barely miss the orc.
The orc is heavily wounded.
The gnoll barely misses you. The orc closely misses you.
You hit the orc.
The orc is heavily wounded.
The gnoll hits you from afar with a +0 halberd.
The orc closely misses you.
You slash the orc!
You kill the orc!
Beogh accepts your kill. The gnoll closely misses you.
The gnoll barely misses you.
You see here a +0 club.
You slash the gnoll!
You kill the gnoll!
Beogh accepts your kill.
No target in view!
You see here a +0 halberd.
You see here a +0 flail of distortion.
There is an open door here.
H - 5 poisoned darts (gained 1)
There is an open door here.
Found a serpent talisman.
You see here a serpent talisman.
n - 3 scrolls labelled RITIUR DYOL (gained 1)
There is an open door here.
There is a dry fountain here.
Dowan, Brother of Duvessa comes into view.
He is wielding a +0 dagger.
Duvessa, Sister of Dowan comes into view.
She is wielding a +0 short sword.
There is a stone staircase leading down here.
You climb downwards.
There is a stone staircase leading up here.
You now have 384 gold pieces (gained 12).
You now have 399 gold pieces (gained 15).
Erica the Fiery-Tempered comes into view.
She is wielding a +0 scimitar of flaming and wearing a +0 robe of positive energy.
Found a stone staircase leading down.
Unknown command.
Your +2 dagger of venom begins to drip with poison!
d - a +2 dagger of venom (weapon)
You open the door.
There is an open door here.
Erica closely misses you.
You barely miss Erica. Erica hits you but does no damage.
Throw: 4 darts (atropa)
Press: ? - help, Q - select action, (/) - cycle Shift-Dir - straight line, f - Erica
Aim: Erica, wielding a +0 scimitar of flaming and wearing a +0 robe of positive energy (57% to hit, chance to blind on hit: 3%)
You throw an atropa-tipped dart.
The atropa-tipped dart barely misses Erica.
Erica barely misses you.
Throw: 3 darts (atropa)
Press: ? - help, Q - select action, (/) - cycle Shift-Dir - straight line, f/p - Erica
Aim: Erica, wielding a +0 scimitar of flaming and wearing a +0 robe of positive energy (57% to hit, chance to blind on hit: 3%)
You throw an atropa-tipped dart.
The atropa-tipped dart closely misses Erica.
Erica hits you but does no damage.
Throw: 2 darts (atropa)
Press: ? - help, Q - select action, (/) - cycle Shift-Dir - straight line, f/p - Erica
Aim: Erica, wielding a +0 scimitar of flaming and wearing a +0 robe of positive energy (57% to hit, chance to blind on hit: 3%)
Okay, then.
Unknown command.
You hit Erica.
Erica is poisoned.
Erica is lightly wounded.
Erica hits you with a +0 scimitar of flaming!
Erica burns you.
You hit Erica.
Erica looks even sicker.
Erica is lightly wounded.
You barely miss Erica.
Erica is lightly wounded.
Erica hits you with a +0 scimitar of flaming.
Erica burns you.
You barely miss Erica. Your punch misses Erica.
Erica is lightly wounded.
Erica completely misses you.
You hit Erica.
Erica looks as sick as possible!
Erica is moderately wounded.
Erica closely misses you.
You barely miss Erica.
Erica is moderately wounded.
You hit Erica but do no damage.
Erica looks as sick as possible!
Erica is moderately wounded.
Erica hits you with a +0 scimitar of flaming.
Erica burns you.
You hit Erica but do no damage.
Erica looks as sick as possible!
Erica is moderately wounded.
Erica hits you with a +0 scimitar of flaming.
Erica burns you.
You hit Erica.
Erica looks as sick as possible!
Erica is moderately wounded.
Erica gestures at you while chanting. The bolt of poison hits you. You resist.
Your +2 dagger of venom stops dripping with poison.
a - a +0 falchion (weapon)
You completely miss Erica.
Erica is moderately wounded.
Erica hits you with a +0 scimitar of flaming.
Erica burns you.
You hit Erica.
Erica is moderately wounded.
Erica hits you with a +0 scimitar of flaming.
Erica burns you.
You hit Erica but do no damage.
Erica is heavily wounded.
Erica closely misses you.
You hit Erica but do no damage.
Erica is heavily wounded.
You hit Erica.
Erica is heavily wounded.
Erica hits you with a +0 scimitar of flaming!
Erica burns you.
You hit Erica but do no damage.
Erica is heavily wounded.
Erica barely misses you.
You barely miss Erica.
Erica is heavily wounded.
Erica hits you but does no damage.
You slash Erica!
Erica is severely wounded.
Erica casts a spell at you. The bolt of poison hits you. You resist.
Aiming: Corrosive Bolt
Press: ? - help, Shift-Dir - straight line, f/p - Erica
Aim: Erica, wielding a +0 scimitar of flaming and wearing a +0 robe of positive energy (severely wounded, very poisoned, 68% to hit)
The bolt of acid hits Erica!
The acid corrodes Erica!
Erica is almost dead.
You hear a shout!
An orc comes into view. It is wielding a +0 short sword.
Erica hits you with a +0 scimitar of flaming!
* * * LOW HITPOINT WARNING * * *
Erica burns you.
* * * LOW HITPOINT WARNING * * *
You hear a shout! x2
Aiming: Corrosive Bolt
Press: ? - help, Shift-Dir - straight line, f/p - Erica
Aim: Erica, wielding a +0 scimitar of flaming and wearing a +0 robe of positive energy (almost dead, very poisoned, covered in acid, 68% to hit)
The bolt of acid hits Erica!
Erica seems to be corroded for longer.
You kill Erica!
Beogh accepts your kill.
You can now gain orcish followers.
The orc shouts!
You hear a shout!
An orc comes into view. It is wielding a +0 club.
The orc throws a boomerang.
The boomerang misses you.
An orc warrior comes into view. It is wielding a +0 halberd.
The orc warrior falls on its knees before you.
It shouts, "I'll follow thee gladly!"
Your Armour skill increases to level 3!
An arrow appears from out of your range of vision.
The arrow hits the orc!
The orc dies!
Beogh accepts your kill.
There is an open door here.
There is an open door here.
The orc falls on its knees before you. It asks, "Are you our saviour?"
An orc comes into view. It is wielding a +0 club.
Found 10 gold pieces.
An orc comes into view. It is wielding a +0 club.
The orc falls on its knees before you.
It says, "I'm so glad you are here now."
Things that are here:
a +0 scimitar of flaming; a +0 robe of positive energy
M - a +0 scimitar of flaming;
N - a +0 robe of positive energy Something barely misses your orc.
Found a twisted runed staff.
An orc comes into view. It is wielding a +0 flail.
The orc stares at you in amazement and kneels.
It shouts, "I'll follow thee gladly!"
An orc comes into view. It is wielding a +0 short sword.
Unknown command.
An orc comes into view. It is wielding a +4 war axe.
Adjust to which letter? (? for menu, Esc to quit)
a - a +0 scimitar of flaming;
M - a +0 falchion (weapon)
Your +0 scimitar of flaming bursts into flame!
a - a +0 scimitar of flaming (weapon)
The orc hits your orc with a +4 war axe.
The orc barely misses your orc. The orc closely misses your orc.
You swap places.
Unknown command.
The orc hits your orc warrior with a +0 short sword.
The orc barely misses your orc warrior.
The orc hits your orc warrior with a +4 war axe!
The orc hits your orc with a +4 war axe.
Your orc hits the orc with a +0 club.
The orc hits your orc warrior with a +0 short sword.
The orc hits your orc with a +4 war axe!
Your orc dies!
The orc hits your orc warrior but does no damage.
The orc hits your orc warrior with a +0 club.
The orc hits your orc warrior with a +0 short sword.
Your orc warrior barely misses the orc.
The orc hits your orc warrior but does no damage.
The orc closely misses your orc warrior.
The orc hits your orc warrior with a +0 club.
Your orc warrior hits the orc with a +0 halberd!
The orc dies!
Beogh accepts your kill.
The orc hits your orc warrior but does no damage. x2
The orc hits your orc warrior but does no damage.
The orc hits you with a +0 short sword.
Things that are here:
a +0 club; a +0 leather armour You closely miss the orc.
The orc barely misses your orc warrior. The orc misses you.
Your orc misses the orc. You hit the orc. You burn the orc.
The orc is moderately wounded.
Your orc barely misses the orc.
The orc hits your orc with a +0 club. The orc misses you.
Your orc warrior barely misses the orc.
You hit the orc. You burn the orc.
The orc is almost dead.
Your orc closely misses the orc. x2; The orc hits your orc with a +0 club.
Your orc dies!
The orc hits you but does no damage.
Your orc warrior hits the orc with a +0 halberd!
The orc dies!
Beogh accepts your kill. The orc hits you but does no damage.
Your orc closely misses the orc.
Your orc warrior hits the orc from afar with a +0 halberd!
The orc dies!
Beogh accepts your kill.
Things that are here:
a +0 short sword; a +0 leather armour
Found 11 gold pieces.
Things that are here:
a +0 club; a +0 ring mail; an orc corpse You swap places.
Things that are here:
a +0 short sword; a +0 leather armour
Things that are here:
a +4 war axe; an orc corpse
Things that are here:
a +0 club; a +0 leather armour You swap places.
Things that are here:
a +0 flail; an orc corpse You start resting.
HP restored.
You swap places.
Things that are here:
a +0 short sword; a +0 leather armour
Found a stone staircase leading up.
r - 14 boomerangs (gained 3)
Things that are here:
a +0 short sword; a +0 leather armour; an orc corpse
Found Tuithraru's Weapon Shoppe.
You now have 409 gold pieces (gained 10).
You see here a staff of poison.
O - a staff of poison You swap places.
You drop a staff of poison.
There is an entrance to Tuithraru's Weapon Shoppe here.
You swap places.
You swap places.
You see here a staff of poison.
Things that are here:
a +0 short sword; a +0 leather armour
Found a robe.
You now have 420 gold pieces (gained 11).
u - 2 scrolls labelled VERHAU WOWKAA (gained 1)
Found a stone staircase leading down.
You now have 436 gold pieces (gained 16).
c - 5 potions of ambrosia (gained 1)
You now have 456 gold pieces (gained 20).
Things that are here:
a +0 short sword; a +0 leather armour; an orc skeleton
G - 4 atropa-tipped darts (gained 2)
u - 3 scrolls labelled VERHAU WOWKAA (gained 1)
You open the door.
There is an open door here.
Found a quarterstaff.
Unknown command.
You open the door.
There is an open door here.
You swap places.
You swap places.
There is an open door here.
You swap places.
There is an open door here.
You open the door.
There is an open door here.
There is a stone staircase leading down here.
As you open the door, it creaks loudly!
Found 14 gold pieces.
There is an open door here.
You now have 470 gold pieces (gained 14).
You now have 483 gold pieces (gained 13).
A wyvern comes into view.
Found a shimmering altar of Xom.
The wyvern hisses angrily.
The wyvern bites you but does no damage.
You barely miss the wyvern. The wyvern misses you.
You slash the wyvern! You burn the wyvern.
The wyvern is heavily wounded.
The wyvern bites you. The wyvern bites you!
You closely miss the wyvern.
The wyvern is heavily wounded.
The wyvern bites you.
You hit the wyvern but do no damage.
The wyvern is heavily wounded.
The wyvern bites you.
You closely miss the wyvern.
The wyvern is heavily wounded.
The wyvern barely misses you.
Your orc warrior completely misses the wyvern.
The wyvern bites you but does no damage.
You hit the wyvern. You burn the wyvern.
The wyvern is severely wounded.
The wyvern bites you but does no damage.
Your orc warrior hits the wyvern from afar with a +0 halberd!
The wyvern dies!
Beogh accepts your kill.
Your orc warrior looks more experienced.
You have reached level 10!
You feel stronger.
You see here a wyvern corpse.
You swap places.
You swap places.
There is a shimmering altar of Xom here.
You see here a wyvern corpse.
You swap places.
You swap places.
You now have 499 gold pieces (gained 16).
You swap places.
You open the door. 2 wolves come into view.
There is an open door here.
Throw: 14 boomerangs
Press: ? - help, Q - select action, (/) - cycle Shift-Dir - straight line, f - wolf
Aim: a wolf (asleep, 98% to hit)
You throw a boomerang.
The boomerang hits the wolf but does no damage.
A wolf comes into view.
Grum the Hunter comes into view.
He is wielding a +1 spear.
You hit the wolf. You burn the wolf.
The wolf is lightly wounded.
Your orc warrior hits the wolf from afar with a +0 halberd!
The wolf bites you but does no damage.
You barely miss the wolf.
The wolf is severely wounded.
The wolf closely misses you.
Your orc warrior hits the wolf from afar with a +0 halberd!
The wolf dies!
Beogh accepts your kill.
Your Long Blades skill increases to level 10!
Your Dodging skill increases to level 4!
You hit the wolf. You burn the wolf.
The wolf is lightly wounded.
The wolf misses you.
Your orc warrior misses the wolf.
You miss the wolf.
The wolf is lightly wounded.
The wolf closely misses you.
Your orc warrior hits the wolf from afar with a +0 halberd!
The wolf closely misses you.
You closely miss the wolf.
The wolf is moderately wounded.
Grum stares intently and grunts.
Grum hits you but does no damage. The wolf closely misses you.
Your orc warrior hits the wolf from afar with a +0 halberd!
You barely miss the wolf.
The wolf is severely wounded.
The wolf bites you.
Grum hits you from afar with a +1 spear!
The wolf closely misses you.
Your orc warrior hits the wolf from afar with a +0 halberd!
The wolf dies!
Beogh accepts your kill.
Your orc warrior looks more experienced.
Your Armour skill increases to level 4!
Grum closely misses you.
You slash Grum! You burn Grum.
Grum is heavily wounded.
Grum hits you but does no damage.
You slash Grum! You burn Grum.
Grum is almost dead.
Grum points his finger and snarls, "Attack!"
Grum barely misses you.
You hit Grum. You burn Grum.
Grum is almost dead.
Grum hits you with a +1 spear.
You slash Grum! You burn Grum.
You kill Grum!
Beogh accepts your kill. The wolf bites you!
You barely miss the wolf. The wolf completely misses you.
You slash the wolf! You burn the wolf.
The wolf is severely wounded.
The wolf bites you but does no damage. The wolf bites you!
You miss the wolf.
The wolf is severely wounded.
The wolf barely misses you.
Your orc warrior barely misses the wolf.
The wolf misses you.
You closely miss the wolf.
The wolf is severely wounded.
The wolf bites you.
Your orc warrior hits the wolf but does no damage.
You catch the helpless wolf completely off-guard!
You hit the wolf. You burn the wolf.
The wolf is almost dead.
The wolf bites you but does no damage.
Your orc warrior hits the wolf from afar with a +0 halberd!
The wolf dies!
Beogh accepts your kill.
Items here: ) [ ††.
Okay, then.
You start resting.
HP restored.
A wolf comes into view.
Found 3 stones.
Found 9 gold pieces.
The wolf misses you.
You closely miss the wolf. The wolf bites you!
Your orc warrior hits the wolf from afar with a +0 halberd!
You hit the wolf but do no damage.
The wolf is moderately wounded.
The wolf barely misses you.
Your orc warrior hits the wolf from afar with a +0 halberd!!
The wolf dies!
Beogh accepts your kill.
Your orc warrior looks more experienced.
You swap places.
Prince Ribbit comes into view.
Found a buckler.
Prince Ribbit closely misses you.
You closely miss Prince Ribbit.
Prince Ribbit hits you but does no damage.
Prince Ribbit barely misses you.
You slash Prince Ribbit! You burn Prince Ribbit.
Prince Ribbit is moderately wounded.
Prince Ribbit hits you but does no damage.
Your orc warrior hits Prince Ribbit from afar with a +0 halberd!
You miss Prince Ribbit.
Prince Ribbit is severely wounded.
Prince Ribbit hits you but does no damage.
Your orc barely misses Prince Ribbit.
You slash Prince Ribbit! You burn Prince Ribbit.
Prince Ribbit is almost dead.
Prince Ribbit hits you but does no damage.
Your orc warrior completely misses Prince Ribbit.
Your orc barely misses Prince Ribbit.
You barely miss Prince Ribbit.
Prince Ribbit is almost dead.
Prince Ribbit closely misses you.
Your orc warrior closely misses Prince Ribbit.
Your orc closely misses Prince Ribbit.
Prince Ribbit hops awkwardly around.
Prince Ribbit hits you!
You hit Prince Ribbit. You burn Prince Ribbit.
You kill Prince Ribbit!
Beogh accepts your kill.
Prince Ribbit returns to his original shape as he dies.
Your orc looks more experienced.
You see here the human corpse of Prince Ribbit.
Found a blade talisman.
You see here a +0 buckler.
O - a +0 buckler You start putting on your armour.
You continue putting on your +0 buckler. x4
You finish putting on your +0 buckler.
You drop a +0 shortbow.
You drop a +0 falchion.
You swap places.
You now have 508 gold pieces (gained 9).
You swap places.
Found a dagger.
Found a stone staircase leading up.
Found a ring mail.
A wight comes into view.
It is wielding a +0 trident. 3 wights come into view.
Your orc warrior unwields a +0 halberd.
Your orc warrior wields a +0 orcbow.
Your orc warrior shoots an arrow.
The arrow hits the wight!
The wight barely misses your orc warrior.
You swap places.
The wight hits your orc from afar with a +0 trident!
What are your orders? t - Shout!
Orders for allies: a - Attack new target. r - Retreat! s - Stop attacking. g - Guard the area. f - Follow me.
Anything else - Cancel.
Retreat in which direction?
Press: ? - help, Dir - move target Fall back!
You block the wight's attack.
The wight hits you with a +5 great sword!
You feel drained.
Unknown command.
The wight hits you from afar with a +0 trident.
You feel drained. The wight attacks as it pursues you!
The wight closely misses you.
There is a stone staircase leading up here.
You climb upwards.
Level annotation: Dowan; Duvessa
There is a stone staircase leading down here.
Okay, then.
There is a stone staircase leading down here.
You start resting.
HP restored.
You climb downwards.
There is a stone staircase leading up here.
Beogh accepts your kill.
You feel a bit more experienced.
HP restored.
Beogh accepts your kill.
You feel a bit more experienced.
Training target 10.0 for Fighting reached!
Your Fighting skill increases to level 10!
There is an open door here.
Things that are here:
a +0 leather armour; a +0 short sword
There is a stone staircase leading up here.
There is an open door here.
You open the door.
There is an open door here.
Found a stone staircase leading down.
There is a stone staircase leading down here.
A kobold comes into view. It is wielding a +0 short sword.
Found a staircase to the Lair.
Things that are here:
a +0 club; a +0 ring mail
Things that are here:
a +0 spear; a +0 robe
Things that are here:
a +0 halberd; a +0 orcbow; a +0 chain mail
Things that are here:
a +5 great sword; a +0 robe You open the door.
There is an open door here.
You now have 514 gold pieces (gained 6).
You open the door.
There is an open door here.
A kobold brigand and 3 kobolds come into view.
The kobold brigand is wielding a +0 club and quivering curare-tipped darts.
A kobold is wielding a +0 dagger and quivering poisoned darts.
Unknown command.
There is an open door here.
As you open the door, it creaks loudly!
You hear a shout! x5 3 kobolds come into view.
The kobold brigand shouts!
The kobold shouts!
The kobold throws a stone.
The stone misses you.
There is an open door here.
You hit the kobold. You burn the kobold.
You kill the kobold!
Beogh accepts your kill.
The kobold brigand throws a curare-tipped dart.
The curare-tipped dart hits you.
The kobold brigand throws a curare-tipped dart.
You block the curare-tipped dart.
The kobold brigand throws a curare-tipped dart.
The curare-tipped dart hits you.
There is an open door here.
A kobold is nearby!
There is an open door here.
You closely miss the kobold brigand. The kobold barely misses you.
The kobold brigand hits you with a +0 club.
You slash the kobold brigand! You burn the kobold brigand.
The kobold brigand is heavily wounded.
You block the kobold's attack. The kobold brigand misses you.
You hit the kobold brigand but do no damage.
The kobold brigand is heavily wounded.
The kobold hits you but does no damage. You block the kobold brigand's attack.
You slash the kobold brigand! You burn the kobold brigand.
The kobold brigand is almost dead.
The kobold completely misses you. The kobold barely misses you.
The kobold brigand hits you with a +0 club.
You slash the kobold brigand! You burn the kobold brigand.
You kill the kobold brigand!
Beogh accepts your kill.
The kobold hits you but does no damage. x2
You slash the kobold! You burn the kobold.
You kill the kobold!
Beogh accepts your kill.
The kobold hits you but does no damage. x4
Things that are here:
a +0 dagger; a kobold corpse The kobold misses you.
You hit the kobold. You burn the kobold.
You kill the kobold!
Beogh accepts your kill.
You closely miss the kobold. The kobold closely misses you.
You hit the kobold. You burn the kobold.
You kill the kobold!
Beogh accepts your kill.
You completely miss the kobold. The kobold barely misses you.
You hit the kobold but do no damage. The kobold closely misses you.
You hit the kobold. You burn the kobold.
You kill the kobold!
Beogh accepts your kill.
You closely miss the kobold. The kobold hits you with a +0 dagger.
You slash the kobold! You burn the kobold.
You kill the kobold!
Beogh accepts your kill.
You swing at nothing.
You swing at nothing.
Items here: (( )))) ††.
You slash the kobold! You burn the kobold.
You kill the kobold!
Beogh accepts your kill.
No target in view!
No target in view!
H - 10 poisoned darts (gained 5)
Items here: ( )))) ††.
Things that are here:
a +0 dagger; a kobold corpse
Things that are here:
a +0 club; a curare-tipped dart
b - a curare-tipped dart
There is an open door, spattered with blood here.
There is an open door here.
You open the door.
There is an open door here.
Done exploring.
Done exploring.
You see here a +0 ring mail.
There is a stone staircase leading down here.
You climb downwards.
There is a stone staircase leading up here.
A shadow comes into view.
The shadow slips into darkness.
The shadow flickers and vanishes for a moment.
You closely miss the shadow. The shadow closely misses you.
You hit the shadow but do no damage. The shadow hits you.
You hit the shadow. You burn the shadow.
The shadow is moderately damaged.
The shadow barely misses you.
You closely miss the shadow.
The shadow is moderately damaged.
The shadow hits you.
You closely miss the shadow.
The shadow is moderately damaged.
You hit the shadow but do no damage.
The shadow is moderately damaged.
The shadow hits you.
You completely miss the shadow.
The shadow is moderately damaged.
The shadow barely misses you.
You hit the shadow but do no damage.
The shadow is moderately damaged.
The shadow slips into darkness.
The shadow flickers and vanishes for a moment.
You slash the shadow! You burn the shadow!
You destroy the shadow!
Beogh accepts your kill.
Your life force feels restored.
No target in view!
HP restored.
A hornet comes into view.
The hornet buzzes angrily.
Throw: 10 darts (poison)
Press: ? - help, Q - select action, (/) - cycle Shift-Dir - straight line, f - hornet
Aim: a hornet (48% to hit)
You throw a poisoned dart. The poisoned dart misses the hornet.
Unknown command.
Throw: 9 darts (poison)
Press: ? - help, Q - select action, (/) - cycle Shift-Dir - straight line, f/p - hornet
Aim: a hornet (48% to hit)
You throw a poisoned dart. The poisoned dart hits the hornet.
The hornet is poisoned.
Unknown command.
Throw: 8 darts (poison)
Press: ? - help, Q - select action, (/) - cycle Shift-Dir - straight line, f/p - hornet
Aim: a hornet (lightly wounded, poisoned, 48% to hit)
You throw a poisoned dart.
The poisoned dart closely misses the hornet.
A centaur comes into view. It is wielding a +0 whip.
The hornet attacks as it pursues you! The hornet stings you!
The hornet stings you.
You are poisoned.
You closely miss the hornet.
The hornet is moderately wounded.
You feel sick.
The hornet stings you but does no damage.
You slash the hornet! You burn the hornet.
The hornet is almost dead.
You feel sick.
The hornet looks more healthy.
The hornet misses you.
You hit the hornet but do no damage.
The hornet is almost dead.
You feel sick. You block the hornet's attack. The hornet completely misses you.
You hit the hornet. You burn the hornet.
You kill the hornet!
Beogh accepts your kill.
You feel sick.
Your Shields skill increases to level 1!
No target in view!
You start resting.
You feel sick. x4
You are no longer poisoned.
You start resting.
A centaur is nearby!
Found a sapphire potion.
You start resting.
HP restored.
The centaur shouts!
The centaur unwields a +0 whip.
The centaur wields a +0 shortbow.
The centaur shoots an arrow.
You block the arrow.
The centaur unwields a +0 shortbow.
The centaur wields a +0 whip.
The centaur hits you with a +0 whip. The centaur closely misses you. x2
The centaur kicks you but does no damage.
You closely miss the centaur.
The centaur hits you but does no damage.
The centaur completely misses you.
You slash the centaur! You burn the centaur!
You kill the centaur!
Beogh accepts your kill.
Things that are here:
a +0 whip; a +0 shortbow; a centaur corpse
H - 8 poisoned darts (gained 1)
D - 4 sapphire potions (gained 1)
H - 9 poisoned darts (gained 1)
You open the door.
There is an open door here.
Found a stone staircase leading up.
There is a stone staircase leading up here.
Found a chain mail.
You now have 533 gold pieces (gained 19).
You pick up a book of Scorching and begin reading...
You add the spells Scorch, Flame Wave and Summon Cactus Giant to your library.
You now have 544 gold pieces (gained 11).
M - a wand of paralysis (7)
A centaur comes into view.
Found an ivory wand.
The centaur shouts!
The centaur wields a +0 shortbow.
The centaur shoots an arrow.
The arrow hits you.
The centaur unwields a +0 shortbow.
The centaur misses you. The centaur kicks you. The centaur hits you.
The centaur kicks you but does no damage.
You hit the centaur. You burn the centaur.
The centaur is heavily wounded.
You block the centaur's attack. The centaur closely misses you.
You slash the centaur! You burn the centaur.
You kill the centaur!
Beogh accepts your kill.
You see here a +0 shortbow.
P - a wand of mindburst (5)
You now have 552 gold pieces (gained 8).
You open the door.
A two-headed ogre comes into view.
It is wielding a +0 giant spiked club and a +0 dire flail.
Found a stone staircase leading down.
Press: ? - help, v - describe, . - travel
Here: a two-headed ogre, wielding a +0 giant spiked club and a +0 dire flail (asleep)
The floor.
Placed new exclusion.
Found 4 stones.
Found a stone staircase leading down.
You open the door.
An acid dragon comes into view.
Press: ? - help, v - describe, . - travel
Here: an acid dragon (asleep)
The floor.
Placed new exclusion.
There is a stone staircase leading down here.
You open the door.
There is an open door here.
You open the door.
A two-headed ogre comes into view.
It is wielding a +0 giant club and a +0 giant spiked club.
Press: ? - help, v - describe, . - travel
Here: a two-headed ogre, wielding a +0 giant club and a +0 giant spiked club (asleep)
The floor.
Placed new exclusion.
You open the door.
There is an open door here.
h - 3 scrolls labelled SOXOSA WOUHEDD (gained 1)
Found a stone staircase leading up.
There is a stone staircase leading up here.
There is a stone staircase leading up here.
An orc priest comes into view. It is wielding a +0 club.
The orc priest looks satisfied for a moment.
You start waiting.
An orc priest is nearby!
You start waiting.
An orc priest is nearby!
You hit the orc priest but do no damage.
The orc priest barely misses you.
You slash the orc priest! You burn the orc priest.
You kill the orc priest!
Beogh accepts your kill.
Beogh appreciates your killing of a heretic priest.
Things that are here:
a +0 club; a +0 ring mail The orc priest falls on its knees before you.
It asks, "Are you our saviour?"
An orc priest comes into view. It is wielding a +0 dagger.
Your orc priest moves out of view.
Your orc priest completely misses something.
An orc warrior comes into view. It is wielding a +0 trident.
The orc warrior hits your orc priest with a +0 trident.
Your orc priest hits the orc warrior but does no damage.
The orc warrior hits your orc priest with a +0 trident.
Your orc priest hits the orc warrior with a +0 dagger.
The orc warrior hits your orc priest with a +0 trident!
Your orc priest barely misses the orc warrior.
The orc warrior hits your orc priest with a +0 trident!
Your orc priest dies!
You block the orc warrior's attack.
The orc wizard relaxes its fighting stance and smiles at you.
It shouts, "I'll follow thee gladly!" 2 orc wizards come into view.
The orc warrior hits you with a +0 trident.
Things that are here:
a +0 dagger; an orc corpse You slash the orc warrior!
You burn the orc warrior.
The orc warrior is moderately wounded.
The orc warrior hits you but does no damage.
Your orc wizard gestures at the orc warrior while chanting.
The orc warrior resists with some effort.
The orc wizard shouts!
You barely miss the orc warrior.
The orc warrior is moderately wounded.
The orc warrior completely misses you.
Your orc wizard hits the orc warrior with a +0 dagger.
You closely miss the orc warrior.
The orc warrior is heavily wounded.
The orc warrior hits you with a +0 trident.
The orc wizard gestures at you while chanting.
Your orc wizard resists with some effort.
Your orc wizard hits the orc wizard but does no damage.
You slash the orc warrior! You burn the orc warrior.
The orc warrior is severely wounded.
The orc warrior misses you.
The orc wizard barely misses your orc wizard.
Your orc wizard hits the orc wizard with a +0 dagger.
You hit the orc warrior but do no damage.
The orc warrior is severely wounded.
You block the orc warrior's attack.
The orc wizard hits your orc wizard with a +0 dagger.
Your orc wizard hits the orc wizard but does no damage.
You barely miss the orc warrior.
The orc warrior is severely wounded.
You closely miss the orc warrior.
The orc warrior is severely wounded.
You block the orc warrior's attack.
The orc wizard hits your orc wizard with a +0 dagger.
Your orc wizard hits the orc wizard with a +0 dagger.
You hit the orc warrior but do no damage.
The orc warrior is severely wounded.
The orc warrior closely misses you.
The orc wizard hits your orc wizard with a +0 dagger.
Your orc wizard hits the orc wizard with a +0 dagger.
You slash the orc warrior! You burn the orc warrior.
You kill the orc warrior!
Beogh accepts your kill.
Your orc wizard looks more experienced.
Your orc wizard hits the orc wizard with a +0 dagger.
The orc wizard casts a spell at your orc wizard.
The magic dart hits your orc wizard!
Your orc wizard dies!
The orc wizard shouts!
The orc wizard barely misses you.
Things that are here:
a +0 dagger; a +0 robe You hit the orc wizard.
You burn the orc wizard.
You kill the orc wizard!
Beogh accepts your kill.
Things that are here:
a +0 dagger; a +0 robe
Things that are here:
a +0 dagger; a +0 robe
Things that are here:
a +0 trident; a +0 chain mail
Things that are here:
a +0 dagger; an orc corpse
Things that are here:
a +0 dagger; a +0 robe
Things that are here:
a +0 dagger; a +0 robe
There is an open door here.
Found a stone staircase leading down.
There is a stone staircase leading down here.
Found Kixydd's Assorted Antiques.
There is an entrance to Kixydd's Assorted Antiques here.
n - 5 scrolls labelled RITIUR DYOL (gained 2)
Q - a scroll labelled ZAJESEIMAB
g - 3 scrolls labelled XILOYR QIAGGEB (gained 1)
E - 2 fizzy brown potions (gained 1) Thank you for shopping at Kixydd's Assorted Antiques!
There is an entrance to Kixydd's Assorted Antiques here.
You open the door.
There is an open door here.
e - 3 scrolls labelled RIXELY FADUSES (gained 1)
You open the door.
There is an open door here.
There is an open door here.
There is an open door here.
Partly explored, can't reach some places.
There is an open door here.
You open the door.
Press: ? - help, . - travel You can't see that place. [the floor.] Reduced exclusion size to a single square.
Throw: 9 darts (poison)
Press: ? - help, Q - select action, (/) - cycle Shift-Dir - straight line, f - two-headed ogre
Aim: a two-headed ogre, wielding a +0 giant club and a +0 giant spiked club (asleep, 98% to hit)
You throw a poisoned dart.
The poisoned dart hits the two-headed ogre.
The two-headed ogre is poisoned.
The two-headed ogre shouts in stereo!
Throw: 8 darts (poison)
Press: ? - help, Q - select action, (/) - cycle Shift-Dir - straight line, f/p - two-headed ogre
Aim: a two-headed ogre, wielding a +0 giant club and a +0 giant spiked club (lightly wounded, poisoned, 76% to hit)
You throw a poisoned dart.
The poisoned dart barely misses the two-headed ogre.
Throw: 7 darts (poison)
Press: ? - help, Q - select action, (/) - cycle Shift-Dir - straight line, f/p - two-headed ogre
Aim: a two-headed ogre, wielding a +0 giant club and a +0 giant spiked club (lightly wounded, poisoned, 76% to hit)
You throw a poisoned dart.
The poisoned dart closely misses the two-headed ogre.
Throw: 6 darts (poison)
Press: ? - help, Q - select action, (/) - cycle Shift-Dir - straight line, f/p - two-headed ogre
Aim: a two-headed ogre, wielding a +0 giant club and a +0 giant spiked club (lightly wounded, poisoned, 76% to hit)
You throw a poisoned dart.
The poisoned dart hits the two-headed ogre.
The two-headed ogre is lightly wounded.
Throw: 5 darts (poison)
Press: ? - help, Q - select action, (/) - cycle Shift-Dir - straight line, f/p - two-headed ogre
Aim: a two-headed ogre, wielding a +0 giant club and a +0 giant spiked club (lightly wounded, poisoned, 76% to hit)
You throw a poisoned dart.
The poisoned dart hits the two-headed ogre.
The two-headed ogre is lightly wounded.
The two-headed ogre looks more healthy.
You barely miss the two-headed ogre.
You hit the two-headed ogre but do no damage.
The two-headed ogre hits you with a +0 giant club!
The two-headed ogre hits you with a +0 giant spiked club!!
You hit the two-headed ogre. You burn the two-headed ogre.
The two-headed ogre is lightly wounded.
The two-headed ogre completely misses you.
The two-headed ogre barely misses you.
You closely miss the two-headed ogre.
The two-headed ogre is lightly wounded.
You barely miss the two-headed ogre.
The two-headed ogre is lightly wounded.
You block the two-headed ogre's attack.
The two-headed ogre hits you with a +0 giant spiked club!
You slash the two-headed ogre! You burn the two-headed ogre.
The two-headed ogre is moderately wounded.
The two-headed ogre hits you with a +0 giant club!!
The two-headed ogre hits you with a +0 giant spiked club!
* * * LOW HITPOINT WARNING * * *
You barely miss the two-headed ogre.
The two-headed ogre is moderately wounded.
Aiming: Paralyse
Press: ? - help, Shift-Dir - straight line, f/p - two-headed ogre
Aim: a two-headed ogre, wielding a +0 giant club and a +0 giant spiked club (moderately wounded, chance to affect: 31%)
The two-headed ogre easily resists.
The two-headed ogre barely misses you.
The two-headed ogre hits you with a +0 giant spiked club!!
You die...

Skill      XL: |  1  2  3  4  5  6  7  8  9 10 |
---------------+-------------------------------+-----
Fighting       | 4 5 6 7 8 9 10 | 10.0
Stealth        | 1 2 3 4 5 |  5.0
Long Blades    | 4 5 6 8 9 10 | 10.7
Armour         | 3 4 |  4.8
Dodging        | 3 4 |  4.4
Shields        | 1 |  1.6

Action                     |  1- 3 |  4- 6 |  7- 9 | 10-12 || total
---------------------------+-------+-------+-------+-------++-------
  Melee: Falchion          |   108 |   117 |   329 |       ||   554
         Dagger            |       |       |    27 |       ||    27
         Punch             |       |       |     3 |       ||     3
         Scimitar          |       |       |     9 |    75 ||    84
   Fire: Shortbow          |       |       |    14 |       ||    14
  Throw: Boomerang         |       |    10 |     4 |     1 ||    15
         Dart              |       |       |    12 |     8 ||    20
 Invoke: Convert to Beogh  |       |     1 |       |       ||     1
  Evoke: Wand              |       |       |     9 |     1 ||    10
    Use: Scroll            |       |       |     1 |       ||     1
         Potion            |       |       |     1 |       ||     1
   Stab: Sleeping          |       |       |     2 |       ||     2
         Invisible         |       |       |     1 |       ||     1
         Distracted        |       |       |       |     1 ||     1
 Armour: Leather armour    |    31 |       |       |       ||    31
         Skin              |     1 |       |       |       ||     1
         Ring mail         |    26 |    76 |   255 |    51 ||   408
  Dodge: Dodged            |    78 |    69 |   225 |    44 ||   416
  Block: Buckler           |       |       |       |    11 ||    11

Levels and vault maps discovered:
D:1:      scummos_arrival_simple_fountains, layout_basic,
          shapermc_ecumenical_altar_mp_urbaneastern
D:2:      layout_basic
D:3:      layout_basic, minmay_misc_feat_chi
D:4:      layout_rooms, mainiacjoe_overflow_surrounded_room, elyvilon_altar_5,
          minmay_temple_entry_statues
D:5:      layout_loops_ring, old_standard_altar, gammafunk_ghost_smash,
          uniq_edmund, uniq_pikel
D:6:      layout_cave_pools, uniq_sigmund
D:7:      layout_loops_ring, evilmike_ruin_ashenzari, serial_demonic,
          serial_demonic_b, serial_demonic_c, serial_demonic_g,
          serial_demonic_b, uniq_duvessa
D:8:      layout_basic, marbit_many_paths, lair_entry_dummy, serial_shops,
          nicolae_lakefront_shop, dk_noncrumbling_3, uniq_erica, uniq_grum,
          uniq_prince_ribbit1
D:9:      layout_loops_corners, serial_shops, shop

Notes
Turn   | Place    | Note
-------+----------+-------------------------------------------
     0 | D:1      | scionoferis the Hill Orc Monk began the quest for the Orb.
     0 | D:1      | Reached XP level 1. HP: 19/19 MP: 1/1
   130 | D:1      | Reached XP level 2. HP: 27/27 MP: 2/2
   223 | D:1      | Reached skill level 4 in Fighting
   280 | D:1      | Reached skill level 1 in Stealth
   288 | D:1      | Found a faded altar of an unknown god.
   421 | D:1      | Reached XP level 3. HP: 33/33 MP: 3/3
  1208 | D:2      | Reached skill level 4 in Long Blades
  1275 | D:2      | Reached XP level 4. HP: 35/41 MP: 4/4
  1523 | D:3      | Noticed a black bear
  2205 | D:3      | Became a worshipper of Beogh the Brigand
  2205 | D:3      | Reached * piety under Beogh
  2205 | D:3      | Reached ** piety under Beogh
  2228 | D:3      | Reached skill level 2 in Stealth
  2539 | D:3      | Killed a black bear
  2540 | D:3      | Reached skill level 5 in Fighting
  2540 | D:3      | Reached XP level 5. HP: 38/48 MP: 5/5
  2805 | D:4      | Found a white marble altar of Elyvilon.
  2811 | D:4      | Noticed a black bear
  2945 | D:4      | Found a blossoming altar of Fedhas.
  3219 | D:4      | Found a staircase to the Ecumenical Temple.
  3275 | D:4      | Noticed a phantom
  3280 | D:4      | Noticed an ogre
  3448 | D:3      | Killed a phantom
  3449 | D:3      | Reached skill level 5 in Long Blades
  3449 | D:3      | Reached skill level 3 in Stealth
  3449 | D:3      | Reached XP level 6. HP: 36/57 MP: 6/6
  3797 | D:4      | Killed a black bear
  3798 | D:4      | Reached skill level 6 in Fighting
  3798 | D:4      | Reached XP level 7. HP: 28/63 MP: 7/7
  3932 | D:5      | Entered Level 5 of the Dungeon
  3945 | D:5      | Noticed Edmund
  4404 | D:5      | Reached skill level 6 in Long Blades
  4404 | D:5      | Reached skill level 4 in Stealth
  4608 | D:5      | Found a transporter.
  4610 | D:5      | Noticed ytrimaz's ghost (novice OpSh)
  4611 | D:5      | Identified the +6 dire flail of the Sage {spect, *Noise
                  | rElec MP+9 Stlth+}
  4787 | D:5      | Killed Edmund
  4788 | D:5      | Reached skill level 7 in Fighting
  4788 | D:5      | Reached XP level 8. HP: 73/73 MP: 8/8
  4791 | D:5      | Found an iron altar of Okawaru.
  4917 | D:5      | Noticed Pikel
  5314 | D:5      | Killed Pikel
  5315 | D:5      | Reached skill level 8 in Fighting
  5315 | D:5      | Reached skill level 7 in Long Blades
  5315 | D:5      | Reached skill level 5 in Stealth
  5779 | D:5      | Reached skill level 8 in Long Blades
  5838 | D:6      | Reached XP level 9. HP: 73/82 MP: 9/9
  5969 | D:6      | Reached skill level 1 in Armour
  6183 | D:6      | Noticed Sigmund
  6658 | D:6      | Reached skill level 2 in Armour
  6658 | D:6      | Reached skill level 3 in Dodging
  6673 | D:6      | Reached skill level 9 in Fighting
  7050 | D:6      | Killed Sigmund
  7051 | D:6      | Reached skill level 9 in Long Blades
  7386 | D:6      | Reached *** piety under Beogh
  7758 | D:7      | Found a broken altar of Ashenzari.
  7947 | D:7      | Noticed Dowan
  7948 | D:7      | Noticed Duvessa
  8043 | D:8      | Noticed Erica
  8074 | D:8      | Killed Erica
  8075 | D:8      | Reached skill level 3 in Armour
  8264 | D:8      | Found Tuithraru's Weapon Shoppe.
  8537 | D:8      | Found a shimmering altar of Xom.
  8544 | D:8      | Reached XP level 10. HP: 76/92 MP: 10/10
  8640 | D:8      | Noticed Grum
  8645 | D:8      | Reached skill level 10 in Long Blades
  8645 | D:8      | Reached skill level 4 in Dodging
  8649 | D:8      | Reached skill level 4 in Armour
  8653 | D:8      | Killed Grum
  8780 | D:8      | Noticed Prince Ribbit
  8789 | D:8      | Killed Prince Ribbit
  8948 | D:8      | Reached skill level 10 in Fighting
  9035 | D:8      | Found a staircase to the Lair.
  9254 | D:9      | Reached skill level 1 in Shields
  9447 | D:9      | Noticed a two-headed ogre
  9668 | D:9      | Noticed a two-headed ogre
  9997 | D:9      | Found Kixydd's Assorted Antiques.
 10003 | D:9      | Bought 2 scrolls labelled RITIUR DYOL for 54 gold pieces
 10003 | D:9      | Bought a scroll labelled ZAJESEIMAB for 27 gold pieces
 10003 | D:9      | Bought a scroll labelled XILOYR QIAGGEB for 27 gold pieces
 10003 | D:9      | Bought a fizzy brown potion for 24 gold pieces
 10259 | D:9      | Mangled by a two-headed ogre

Vanquished Creatures
  Erica (D:8)
  Pikel (D:5)
  Prince Ribbit (D:8)
  A hornet (D:9)
  Sigmund (D:6)
  A shadow (D:9)
  Edmund (D:5)
  Grum (D:8)
  A water moccasin (D:7)
  2 orc warriors (D:6 D:9)
  3 ice beasts (D:5 D:6)
  3 black bears (D:3 D:4)
  An ogre (D:4)
  2 lemures (D:5 D:4)
  5 centaurs (D:5 D:6 D:9)
  A phantom (D:3)
  A kobold brigand (D:8)
  2 bullfrogs (D:6 D:7)
  3 hounds (D:3 D:5)
  A gnoll bouda (D:6)
  3 orc priests (D:6 D:9)
  A sleepcap (D:5)
  5 iguanas (D:4 D:5 D:6)
  6 orc wizards (D:4 D:5 D:6 D:9)
  5 gnolls (D:6 D:7)
  5 adders (D:2 D:3 D:5)
  A shadow imp (D:7)
  An ufetubus (D:5)
  3 worms (D:3 D:4 D:5)
  6 dart slugs (D:1 D:2 D:3 D:4 D:5)
  16 orcs (D:3 D:5 D:4 D:6 D:7)
  2 endoplasms (D:1 D:2)
  4 giant cockroaches (D:1 D:4)
  8 goblins (D:1 D:2 D:4)
  6 hobgoblins (D:1 D:3 D:4)
  2 jackals (D:4)
  13 kobolds (D:1 D:2 D:3 D:8)
  A quokka (D:4)
  3 ball pythons (D:1 D:4)
  7 bats (D:1 D:3)
  7 frilled lizards (D:1 D:2)
  5 rats (D:1 D:2 D:3)
143 creatures vanquished.

Vanquished Creatures (collateral kills)
  A wyvern (D:8)
  4 wolves (D:8)
  2 wights (D:8)
  4 orcs (D:8)
11 creatures vanquished.

Vanquished Creatures (others)
  An orc warrior (D:8)
  An orc wizard (D:9)
  2 orc priests (D:3 D:9)
  4 orcs (D:3 D:8)
8 creatures vanquished.

Grand Total: 162 creatures vanquished

Table legend: (Time is in decaauts)
 A = Elapsed time spent in this place.
 B = Non-inter-level travel time spent in this place.
 C = Inter-level travel time spent in this place.
 D = Time resting spent in this place.
 E = Time spent auto-exploring this place.
 F = Levels seen in this place.
 G = Mean time per level.
                   A        B        C        D        E       F      G
               +--------+--------+--------+--------+--------+-----+--------+
         Total |  10267 |   9429 |    838 |   1858 |   5009 |   9 | 1140.8 |
       Dungeon |  10267 |   9429 |    838 |   1858 |   5009 |   9 | 1140.8 |
               +--------+--------+--------+--------+--------+-----+--------+

Top non-repeatable levels by time:
     D:5: 1739 daAuts
     D:3: 1537 daAuts
     D:4: 1317 daAuts
     D:8: 1161 daAuts
     D:6: 1145 daAuts
     D:9: 1069 daAuts
     D:2: 821 daAuts
     D:1: 739 daAuts
     D:7: 737 daAuts

Table legend:
 A = Non-vault XP
 B = Vault XP
 C = Vault XP percentage of total XP
 D = Non-vault monster count
 E = Vault monster count
 F = Vault count percentage of total count
                 A         B        C        D         E       F
            +---------+---------+-------+---------+---------+-------
      Total |    3781 |    2714 |  41.8 |     140 |      12 |   7.9
            +---------+---------+-------+---------+---------+-------
        D:1 |      46 |       0 |   0.0 |      27 |       0 |   0.0
        D:2 |      46 |       0 |   0.0 |      13 |       0 |   0.0
        D:3 |     260 |       0 |   0.0 |      16 |       0 |   0.0
        D:4 |     469 |       0 |   0.0 |      17 |       0 |   0.0
        D:5 |     775 |     793 |  50.6 |      18 |       2 |  10.0
        D:6 |     785 |     214 |  21.4 |      21 |       1 |   4.5
        D:7 |     295 |      12 |   3.9 |       7 |       1 |  12.5
        D:8 |     195 |    1695 |  89.7 |      14 |       8 |  36.4
        D:9 |     910 |       0 |   0.0 |       7 |       0 |   0.0
            +---------+---------+-------+---------+---------+-------
